 Dungeon Crawl Stone Soup version 0.30-a0-840-ga523dec638 (webtiles) character file.

Game seed: 14152014174870699308

9 Esekla the Sneak (level 2, 21/21 HPs)
             Began as an Octopode Delver on Mar 1, 2023.
             Quit the game in the Ecumenical Temple.
             The game lasted 00:02:36 (441 turns).

Esekla the Sneak (Octopode Delver)                   Turns: 441, Time: 00:02:37

Health: 21/21      AC:  1    Str: 11    XL:     2   Next: 16%
Magic:  2/2        EV: 13    Int: 12    God:
Gold:   17         SH:  0    Dex: 13    Spells: 1/1 levels left

rFire   . . .      SeeInvis .    a - +0 falchion
rCold   . . .      Faith    .    (no shield)
rNeg    . . .      Spirit   .    (helmet restricted)
rPois   .          Reflect  .    (no amulet)
rElec   .          Harm     .    (no ring)
rCorr   .          Rampage  .    (no ring)
Will    .....                    (no ring)
Stlth   ++++                     (no ring)
HPRegen 0.23/turn                (no ring)
MPRegen 0.08/turn                (no ring)
                                 (no ring)
                                 (no ring)

@: no status effects
A: almost no armour, amphibious, 8 rings, camouflage 1, gelatinous body 1,
(nimble swimmer 1), tentacles
a: no special abilities


You were in the Ecumenical Temple.
You visited 2 branches of the dungeon, and saw 2 of its levels.

You collected 17 gold pieces.

Inventory:

Hand Weapons
 a - a +0 falchion (weapon)
Wands
 f - a wand of digging (3)
Scrolls
 b - a scroll of fog


   Skills:
 * Level 3.1 Fighting
 * Level 2.1 Long Blades
 * Level 2.1 Dodging
 + Level 6.9 Stealth
 * Level 0.3 Spellcasting


You had one spell level left.
You didn't know any spells.
Your spell library was empty.

Dungeon Overview and Level Annotations

Branches:
Dungeon (5/15)             Temple (1/1) D:5

Altars:
Ashenzari
Cheibriados
Dithmenos
Elyvilon
Fedhas
Makhleb
Okawaru
Qazlal
Ru
Sif Muna
Trog
Vehumet
Wu Jian
Zin
The Shining One


Innate Abilities, Weirdness & Mutations

You cannot wear most types of armour.
You are amphibious.
You can wear up to eight rings at the same time.
Your skin changes colour to match your surroundings (Stealth+).
Your rubbery body absorbs attacks. (AC +1, EV +1)
((You are camouflaged when in or above water. (Stealth+)))
You have tentacles for arms and can constrict up to eight enemies at once.


Message History

There is an open door here.
Found an iron altar of Okawaru.
You open the door.
Found a stormy altar of Qazlal.
There is an open door here.
There is a stormy altar of Qazlal here.
There is an open door here.
You open the door.
Found a burning altar of Makhleb.
There is an open door here.
There is a burning altar of Makhleb here.
There is an open door here.
You open the door.
There is an open door here.
There is an open door here.
You open the door.
Found a glowing silver altar of Zin.
There is an open door here.
There is an open door here.
There is an open door here.
You open the door.
Found a shadowy altar of Dithmenos.
There is an open door here.
There is a shadowy altar of Dithmenos here.
There is an open door here.
You open the door.
There is an open door here.
There is an open door here.
You open the door.
Found a radiant altar of Vehumet.
There is an open door here.
There is an open door here.
Done exploring.
Search for what [? for help]?
Gozag Can't find anything matching that.
There is a staircase back to the Dungeon here.
As you read the scroll labelled YSTRIM OWATRIRRAQ, it crumbles to dust.
It is a scroll of identify.
You don't currently have any unidentified items.
Are you sure you want to abandon this character and quit the game? (Confirm with "yes".)

############## ### ##
#........#...###.###.
#........#....#...#..
#...@....#.....#.#...
#.......##...........
#......##......#.#...
#....#.#......##.##..
#...##.....####...###
#####....'##.##...##.
#........#...#.._..#.
#.......##._.##...##.
#.......#...#.#.P.#..


There were no monsters in sight!

Vanquished Creatures
  An adder (D:5)
1 creature vanquished.

Notes
Turn   | Place    | Note
-------+----------+-------------------------------------------
     0 | D:5      | Esekla the Octopode Delver began the quest for the Orb.
     0 | D:5      | Reached XP level 1. HP: 16/16 MP: 1/1
    17 | D:5      | Noticed a scorpion
    31 | D:5      | Noticed an iguana
    41 | D:5      | Noticed a wyvern
    49 | D:5      | Noticed a gnoll sergeant
    50 | D:5      | Noticed an iguana
    57 | D:5      | Noticed a bullfrog
    71 | D:5      | Noticed an ice beast
    73 | D:5      | Noticed an orc wizard
    81 | D:5      | Reached XP level 2. HP: 4/21 MP: 2/2
    89 | D:5      | Found a staircase to the Ecumenical Temple.
    96 | Temple   | Entered the Ecumenical Temple
   441 | Temple   | Quit the game

Illustrated notes

Levels and vault maps discovered:
D:5:      layout_cave_pools, tgw_xom, minmay_temple_entry_wispy
Temple:   regret_index_temple_generic_petals

Action                     || total
---------------------------++-------
  Melee: Falchion          ||     3
    Use: Scroll            ||     3
         Potion            ||     1
  Dodge: Dodged            ||     3

Table legend: (Time is in decaauts)
 A = Elapsed time spent in this place.
 B = Non-inter-level travel time spent in this place.
 C = Inter-level travel time spent in this place.
 D = Time resting spent in this place.
 E = Time spent auto-exploring this place.
 F = Levels seen in this place.
 G = Mean time per level.
                   A        B        C        D        E       F      G
               +--------+--------+--------+--------+--------+-----+--------+
         Total |    427 |    427 |      0 |      0 |    294 |   2 |  213.5 |
       Dungeon |     83 |     83 |      0 |      0 |      0 |   1 |   83.0 |
        Temple |    344 |    344 |      0 |      0 |    294 |   1 |  344.0 |
               +--------+--------+--------+--------+--------+-----+--------+

Top non-repeatable levels by time:
  Temple: 344 daAuts
     D:5: 83 daAuts
